 Dungeon Crawl Stone Soup version 0.30.1-3-gfc49f6343a (webtiles) character file.

Game seed: 6147217715396001018

531913 javelincjr the Slayer (level 27, -3/155 (216) HPs)
             Began as a Djinni Conjurer on July 28, 2023.
             Was the Champion of Qazlal.
             Killed from afar by a hellion (19 damage)
             ... with damnation
             ... on level 3 of Gehenna on July 31, 2023.
             The game lasted 09:11:23 (43247 turns).

javelincjr the Slayer (Djinni Conjurer)            Turns: 43247, Time: 09:11:26

HP:   -3/155 (216)  AC: 14    Str:  9 (10) XL:     27
Gold: 4333          EV: 21    Int: 44 (48) God:    Qazlal [******] SH: 18 Dex: 15

rFire   + + +        G - +8 falchion of Xeqeb {elec, +Blink rN+ rCorr Int+3}
rCold   . . .        H - +3 warlock's mirror {omnireflect}
rNeg    + . .        f - +1 robe of the Vaults {Contam Regen+ Str+2 Int+8}
rPois   ∞            B - +3 hat of Pondering {ponderous, Will+ MP+10 Int+5}
rElec   .            P - +2 cloak
rCorr   +            I - +2 pair of gloves {infuse}
SInv    +            (boots unavailable)
Will    ++++.        M - amulet of regeneration
Stlth   +            D - ring "Qymerr" {Wiz rF+ Dex+3}
HPRegen 3.65/turn    j - ring "Ebotoazy" {rC+ rCorr SInv}
MPRegen 0.00/turn

%: repel missiles, reflection, wizardry (x1), infuse magic (-4 HP)
@: flying, studying 2 skills, very heavily drained, invisible, unable to read,
slow
A: sickness immunity, fire resistance 2, cold vulnerability 1, float, innate
caster, HP casting, extra vitality 1, claws 1, horns 1, deterioration 2,
strong-willed 1, sense surroundings 1, regeneration 2, screaming 1, subdued
magic 1
}: 3/15 runes: barnacled, slimy, gossamer
a: Renounce Religion, Evoke Blink, Upheaval, Elemental Force, Disaster Area


You were on level 3 of Gehenna.
You worshipped Qazlal.
Qazlal was exalted by your worship.
You visited 12 branches of the dungeon, and saw 49 of its levels.
You visited 1 bazaar.
You visited 1 ziggurat, and saw 6 of its levels.
You also visited: Ossuary, Bailey and Wizlab.

You collected 6705 gold pieces.
You spent 2372 gold pieces at shops.

Inventory:

Hand Weapons
 l - the +8 short sword of Vinon {drain, Contam rElec rC+++ rCorr}
   (You found it on level 5 of the Pits of Slime)

   rC:        It renders you almost immune to cold.
   rElec:     It insulates you from electricity.
   Contam:    It causes magical contamination when unequipped.
   rCorr:     It protects you from acid and corrosion.
 t - a +9 spectral whip
 y - a +3 dagger of distortion
 G - the +8 falchion of Xeqeb (weapon) {elec, +Blink rN+ rCorr Int+3}
   (You found it on level 6 of the Dungeon)

   Int:       It affects your intelligence (+3).
   rN:        It protects you from negative energy.
   +Blink:    It lets you blink.
   rCorr:     It protects you from acid and corrosion.
 J - the +11 plutonium sword {Contam Stlth-}
   (You took it off a deep elf pyromancer on level 3 of the Elven Halls)

   Contam:    It causes magical contamination when unequipped.
   Stlth:     It makes you less stealthy.
 R - the +6 halberd of Chance {freeze, rC+ MP+9 Stlth+}
   (You found it on level 3 of the Elven Halls)

   rC:        It protects you from cold.
   MP:        It affects your magic capacity (+9).
   Stlth:     It makes you more stealthy.
Armour
 f - the +1 robe of the Vaults (worn) {Contam Regen+ Str+2 Int+8}
   (You found it on level 4 of the Lair of Beasts)

   Str:       It affects your strength (+2).
   Int:       It affects your intelligence (+8).
   Contam:    It causes magical contamination when unequipped.
   Regen:     It increases your rate of health regeneration.
 w - the +10 tower shield of Ignorance {rN+ Int-4}
   (You found it on level 5 of the Pits of Slime)

   Int:       It affects your intelligence (-4).
   rN:        It protects you from negative energy.
 B - the +3 hat of Pondering (worn) {ponderous, Will+ MP+10 Int+5}
   (You found it on level 4 of the Dungeon)

   Int:       It affects your intelligence (+5).
   MP:        It affects your magic capacity (+10).
   Will:      It increases your willpower.
 H - the +3 warlock's mirror (worn) {omnireflect}
   (You acquired it on level 5 of the Lair of Beasts)

   Omnireflect: It can block and reflect piercing ranged attacks and magical
   attacks against the wielder's willpower.
 I - a +2 pair of gloves of infusion (worn)
 P - a +2 cloak (worn)
Jewellery
 j - the ring "Ebotoazy" (right hand) {rC+ rCorr SInv}
   (You took it off a deep elf blademaster on level 3 of the Elven Halls)

   [ring of see invisible]

   rC:        It protects you from cold.
   SInv:      It lets you see invisible.
   rCorr:     It protects you from acid and corrosion.
 o - the ring of the Scarab {Fire rPois Will- Str+4}
   (You found it on level 5 of a ziggurat)

   [ring of fire]

   It enhances your fire magic.
   Str:       It affects your strength (+4).
   rF:        It protects you from fire.
   rC:        It makes you vulnerable to cold.
   rPois:     It protects you from poison.
   Will:      It decreases your willpower.
 D - the ring "Qymerr" (left hand) {Wiz rF+ Dex+3}
   (You took it off a deep elf master archer on level 3 of the Elven Halls)

   [ring of wizardry]

   It improves your spell success rate.
   Dex:       It affects your dexterity (+3).
   rF:        It protects you from fire.
 M - an amulet of regeneration (around neck)
 U - the ring of Iprih {Will+ Str+5 Dex-3}
   (You found it on level 5 of the Pits of Slime)

   [ring of willpower]

   Str:       It affects your strength (+5).
   Dex:       It affects your dexterity (-3).
   Will:      It increases your willpower.
Wands
 n - a wand of charming (9)
 s - a wand of acid (39)
 x - a wand of iceblast (62)
 O - a wand of digging (15)
 W - a wand of flame (88)
Scrolls
 a - 4 scrolls of butterflies
 c - 18 scrolls of teleportation
 e - 2 scrolls of enchant armour
 h - 13 scrolls of poison
 r - 4 scrolls of fear
 v - 9 scrolls of fog
 K - 6 scrolls of magic mapping
 S - 4 scrolls of silence
Potions
 b - 22 potions of curing
 d - 6 potions of brilliance
 g - 4 potions of berserk rage
 k - 12 potions of heal wounds
 m - 9 potions of might
 q - 5 potions of cancellation
 u - 11 potions of haste
 C - 11 potions of resistance
 F - 6 potions of invisibility
 N - 2 potions of mutation
 Y - 6 potions of ambrosia
Miscellaneous
 i - the horn of Geryon
 A - a phial of floods
 T - a lightning rod (4/4)


   Skills:
 * Level 23.4 Fighting
 - Level 14.0 Long Blades
 + Level 16.0 Armour
 + Level 17.3 Dodging
 - Level 2.0 Stealth
 + Level 13.4 Shields
 * Level 17.5 Spellcasting
 - Level 10.1 Invocations
 - Level 12.0 Evocations


You knew the following spells:

 Your Spells              Type           Power      Damage    Failure   Level
a - Magic Dart            Conj           100%       1d8       0%          1
b - Searing Ray           Conj           100%       2d8       0%          2
c - Dazzling Flash        Conj/Hex       100%       N/A       0%          3
d - Fulminant Prism       Conj/Hex       49%        3d21      0%          4
e - Iskenderun's Mystic   Conj/Tloc      99%        2d19      0%          4
f - Sting                 Tmut/Pois      100%       1d8       0%          1
g - Wereblood             Tmut           99%        N/A       0%          2
h - Ozocubu's Armour      Ice            99%        N/A       0%          3
i - Petrify               Tmut/Erth      99%        N/A       0%          4
j - Agony                 Necr           99%        N/A       0%          5
k - Fireball              Conj/Fire      49%        3d19      0%          5
l - Eringya's Noxious Bo  Tmut/Pois      49%        N/A       1%          6
m - Haunt                 Necr/Summ      49%        N/A       1%          7
n - Statue Form           Tmut/Erth      66%        N/A       1%          6
o - Maxwell's Capacitive  Air            49%        ∞         1%          8
p - Monstrous Menagerie   Summ           49%        N/A       1%          7
q - Infestation           Necr           49%        N/A       1%          8
r - Chain Lightning       Conj/Air       49%        3d66      21%         9
Your spell library was empty.

Dungeon Overview and Level Annotations

Branches:
Dungeon (15/15)            Temple (0/1) D:6            Lair (5/5) D:8
 Shoals (4/4) Lair:2       Spider (4/4) Lair:2        Slime (5/5) Lair:5
    Orc (2/2) D:10            Elf (3/3) Orc:2        Vaults (2/5) D:14
 Depths (4/4) D:15           Hell (visited)             Dis (0/7) Hell
    Geh (3/7) Hell            Coc (0/7) Hell            Tar (0/7) Hell
    Zot (1/5) Depths:4    Ossuary (visited)          Bailey (visited)
 WizLab (visited)
  Crypt: Vaults:2-3

Altars:
Ashenzari
Fedhas
Nemelex Xobeh
Qazlal
Uskayaw
Wu Jian
Yredelemnul
Zin
The Shining One
Jiyva

Shops:
D:4 [   D:7 *   D:8 =   Orc:2 =[?([((!   Elf:2 !   Elf:3 :   Shoals:1 [
Shoals:3 !   Vaults:2 [   Depths:3 [

Portals:
Hell: Depths:1 Depths:2 Depths:4
Abyss: Lair:1
Pandemonium: Depths:2

Annotations:
D:4 3 runed translucent doors, Fractals's ghost, amateur KoWn; monsoonserge's ghost, novice DjVM; suzumiya's ghost, amateur TrGl
Depths:3 exclusion: upstairs
Zot:1 1 runed translucent door, safid's ghost, veteran MfIE


Innate Abilities, Weirdness & Mutations

You are immune to sickness and miasma.
You are immune to poison.
Your flesh is very heat resistant. (rF++)
You are vulnerable to cold. (rC-)
You float through the air rather than walking.
You learn spells naturally, not from books.
Your magical power is your life essence.
You have superior vitality. (+4 MHP)
You have sharp fingernails.
You have a pair of small horns on your head.
Your body often deteriorates upon taking damage.
You are strong-willed. (Will+)
You passively map a small area around you.
You heal very quickly.
You occasionally shout uncontrollably at your foes.
Your spells are a little easier to cast, but a little less powerful.


Message History

You hear a hideous shriek! x2
You hear a hideous shriek! x2
A fire vortex is nearby!
A fire vortex is nearby!
A hellion comes into view.
The hellion gestures at you.
The sphere of damnation explodes!
The damnation engulfs you!! 3 hellions come into view.
The hellion gives a hideous shriek! x3
The hellion gestures at you.
The sphere of damnation explodes!
The damnation engulfs you! 2 hellions come into view.
The hellion gives a hideous shriek!
You hear a hideous shriek!
The hellion gestures at you.
The sphere of damnation explodes!
The damnation engulfs you!! The hellion gestures at you.
The sphere of damnation explodes!
The damnation engulfs you!!
You hear a hideous shriek!
Casting: Magic Dart (safe; 0% risk of failure)
Confirm with . or Enter, or press ? or * to list all spells.
Aiming: Haunt (mildly dangerous; 1% risk of failure)
Press: ? - help, Dir - move target, f - hellion
Aim: a hellion Insubstantial figures form in the air.
The hellion gestures at you.
The sphere of damnation explodes!
The damnation engulfs you!!!
* * * LOW HITPOINT WARNING * * *
A hellion comes into view.
You feel much better.
The hellion gives a hideous shriek!
The hellion gestures at you.
The sphere of damnation explodes!
The damnation engulfs you!!
* * * LOW HITPOINT WARNING * * *
Your body deteriorates!
You feel dopey.
Your shadow wraith hits the hellion!
You fade into invisibility!
You hear a hideous shriek!
The hellion gestures at you.
The sphere of damnation explodes!
The damnation engulfs you!!
You die...

, , ~ * * #≈§WW222§§ ~
+.§§≈222≈≈≈ , ~
##..§≈§2W≈≈≈ ~ ~
#....≈≈§§§≈≈ ,
##.....≈§≈≈≈.§
#.....○§§≈≈.§#§...≈...
####○.☼.§.≈§≈##≈≈..≈..v
##..##°@.○..≈.##≈≈.≈≈≈.§
##....##...^.###≈≈...≈≈≈≈
#......#..°.≈§§§§≈≈..§≈≈§
#......#..^≈≈≈§§÷.....≈§≈
##....##..≈≈≈≈≈§)....≈≈≈≈
##..##...≈≈§≈§§.∩)...≈≈.
##'##...≈≈≈≈...÷≈......
#.....§§≈≈.....≈≈≈.....
###....≈§.....§§§≈≈....


You could see 7 hellions, a friendly shadow wraith (summoned, invisible) and a
friendly freezing wraith (summoned).

Vanquished Creatures
  the Royal Jelly (Slime:5)
  A dread lich (Geh:2)
  A juggernaut (Depths:4)
  A caustic shrike (Depths:2)
  2 golden dragons
  A hellephant (Geh:1)
  Rupert (Lair:5)
  A Brimstone Fiend (Geh:2)
  4 liches
  The ghost of SirLogeyBear the Executioner, an adept HOBe of Trog (Vaults:1)
  2 titans (Depths:2)
  A walking earthen tome (Depths:2)
  A deep elf blademaster (Elf:3)
  3 searing wretches
  5 acid blobs (Slime:5)
  3 sphinxes
  A death cob (Depths:4)
  Frances (Elf:1)
  A storm dragon (Depths:4)
  2 shadow dragons
  6 azure jellies
  Ilsuiw (Shoals:2)
  12 fire giants
  2 rockslimes (Slime:5)
  3 frost giants
  The ghost of Bediveer the Stormcaller, an adept DECj of Gozag (Shoals:4)
  The ghost of GimliDwarf the Thaumaturge, an adept GnWn of Dithmenos (Shoals:4)
  3 emperor scorpions (Spider:4)
  A draconian knight (Zig:4)
  Louise (D:14)
  5 deep elf sorcerers
  5 balrugs
  A draconian scorcher (Depths:4)
  A vault warden (Vaults:2)
  3 ghost moths (Spider:4)
  2 draconian shifters (Depths:4)
  A spriggan defender (Depths:4)
  Aizul (Depths:1)
  A deep elf elementalist (Elf:2)
  20 very ugly things
  3 draconian stormcallers (Depths:4)
  The ghost of Cofimnas the Cleaver, a journeyman FoFi of Okawaru (D:14)
  11 quicksilver oozes
  A deep elf demonologist (Elf:3)
  8 ironbound preservers
  2 reapers (Hell)
  2 ironbound thunderhulks (Vaults:2)
  A broodmother (Spider:4)
  9 stone giants (Depths:2)
  A vampire knight (D:15)
  3 green draconians (Depths:4)
  3 black draconians (Depths:4)
  10 spark wasps
  5 deep elf annihilators (Elf:3)
  7 dire elephants (Vaults:1)
  A red draconian (Depths:4)
  The ghost of Wiggles the Executioner, a journeyman MiBe of Trog (Lair:1)
  A yellow draconian (Depths:4)
  A purple draconian (Depths:4)
  A green death (Zig:6)
  An iron golem (Depths:4)
  2 ettins
  A crystal guardian (Depths:4)
  3 deep elf death magi (Elf:3)
  3 blizzard demons
  4 great orbs of eyes
  A merfolk javelineer (Shoals:3)
  Fannar (Lair:2)
  5 fire dragons
  11 merfolk impalers
  2 rakshasas (Depths:2)
  7 entropy weavers
  5 ice dragons
  A vault guard (Vaults:2)
  2 yaktaur captains (Vaults:2)
  3 hydras
  2 jorogumos
  3 salamander tyrants
  Erolcha (D:11)
  4 spriggan air magi
  2 alligator snapping turtles
  5 ironbound frosthearts
  A catoblepas (D:15)
  A radroach (Spider:2)
  9 boulder beetles
  4 two-headed ogres
  30 dancing weapons
  5 merfolk aquamancers
  7 merfolk avatars
  2 stokers (Hell)
  3 tengu warriors
  14 centaur warriors
  4 deep troll shamans
  4 death yaks (Lair:4)
  16 hell hogs
  9 death scarabs (Spider:4)
  2 deep troll earth magi
  5 spriggan berserkers
  Urug (D:10)
  3 soul eaters
  3 orc high priests
  5 sun demons (Depths:4)
  9 deep elf knights
  A fire crab (Shoals:3)
  11 iron trolls
  A wretched star (Lair:1)
  4 pharaoh ants
  6 skeletal warriors
  3 sun moths (Spider:3)
  A quicksilver dragon simulacrum (Depths:4)
  3 skysharks
  A spriggan rider (Depths:3)
  11 sea snakes
  5 orb spiders
  A glowing orange brain (Depths:1)
  6 lindwurms
  A shadow dragon zombie (Depths:2)
  10 deep elf archers
  A kraken simulacrum (Shoals:4)
  3 phantasmal warriors
  4 wizards
  27 deep trolls
  3 orc knights
  9 harpies
  10 steelbarb worms
  An orange crystal statue (Hell)
  7 ironbound convokers
  2 spectral wolf spiders (Spider:4)
  A necromancer (Depths:2)
  An oklob plant (Lair:2)
  10 deep elf pyromancers
  18 deep elf zephyrmancers
  3 wolf spider zombies
  16 ugly things
  2 broodmother zombies (Spider:4)
  9 manticores
  15 fauns
  A salamander (D:15)
  27 wolf spiders
  An iron dragon skeleton (Depths:2)
  2 orc sorcerers
  4 moths of wrath
  8 cyclopes
  3 elephants (Lair:5)
  A sphinx skeleton (Depths:2)
  A moth of wrath (shapeshifter) (D:15)
  6 shining eyes
  A frost giant skeleton (Depths:2)
  A rust devil (Lair:1)
  12 merfolk sirens
  A centaur zombie (D:14)
  Maurice (D:10)
  4 black mambas (Lair:5)
  An elephant (shapeshifter) (Depths:4)
  5 eyes of devastation
  4 vault sentinels
  3 orange demons
  A guardian serpent (Lair:5)
  6 water nymphs
  10 torpor snails
  2 demonic crawlers
  7 gargoyles
  Psyche (D:8)
  3 rime drakes
  3 spectral redbacks (Spider:4)
  A redback zombie (Spider:4)
  17 cane toads
  An ice devil (Depths:4)
  A yaktaur (shapeshifter) (D:13)
  A tengu conjurer (Depths:2)
  6 komodo dragons
  A freezing wraith (Depths:4)
  2 kobold demonologists (D:12)
  3 yaktaurs (Vaults:2)
  A spriggan zombie (Depths:2)
  A tormentor (Hell)
  2 unseen horrors
  2 efreet (D:15)
  A red devil (Hell)
  34 merfolk
  A meliai (shapeshifter) (Lair:1)
  2 guardian mummies (Zig:1)
  6 trolls
  3 hornets
  25 blink frogs
  8 wind drakes
  A polar bear (Lair:2)
  12 snapping turtles
  2 spectral jumping spiders (Spider:4)
  4 spectral tarantellas (Spider:4)
  28 tarantellas
  A raiju (Lair:1)
  A blink frog (shapeshifter) (Depths:2)
  8 dream sheep (Shoals:3)
  22 culicivoras
  A slime creature (shapeshifter) (Depths:2)
  3 tarantella zombies (Spider:4)
  An air elemental (Elf:3)
  79 slime creatures
  29 jumping spiders
  A centaur simulacrum (D:12)
  A spriggan (Lair:1)
  2 wraiths
  Sigmund (D:3)
  A large abomination (Lair:1)
  2 vampires
  17 wyverns
  2 shadows
  14 water elementals
  A naga simulacrum (Hell)
  9 basilisks
  3 fire elementals
  12 golden eyes
  23 yaks
  15 humans
  65 redbacks
  2 wargs
  3 fire bats (Shoals:3)
  A redback (shapeshifter) (D:14)
  2 acid dragons
  21 water moccasins
  2 nameless horrors
  A sky beast (D:6)
  2 black bears
  3 ettin simulacra (Depths:4)
  33 orc warriors
  An ice beast (D:6)
  4 ogres
  An ogre (shapeshifter) (D:14)
  12 wolves
  9 centaurs
  3 phantoms (D:5)
  A gnoll sergeant (D:9)
  7 bullfrogs
  A bullfrog (shapeshifter) (Depths:2)
  An earth elemental (Elf:1)
  4 scorpions
  15 wights
  11 killer bees
  7 howler monkeys
  A vampire bat (D:8)
  An electric eel (D:9)
  26 orc priests
  A gnoll bouda (D:7)
  A hound (D:5)
  7 jellies
  6 starcursed masses (Zig:5)
  2 iguanas
  Terence (D:3)
  19 orc wizards
  2 mummies
  19 gnolls
  11 adders
  A shadow imp (D:5)
  3 white imps
  3 ufetubi
  A dart slug (D:3)
  3 worms
  110 orcs
  2 spectral bats (Ossuary)
  6 ball pythons
  29 endoplasms
  5 giant cockroaches
  11 goblins
  9 hobgoblins
  7 jackals
  13 kobolds
  2 quokkas
  17 bats
  4 bat simulacra (Ossuary)
  3 frilled lizards
  12 gnoll zombies (Ossuary)
  2 goblin simulacra (Ossuary)
  4 goblin zombies (Ossuary)
  7 hobgoblin zombies (Ossuary)
  A kobold simulacrum (Ossuary)
  2 kobold zombies (Ossuary)
  5 orc zombies (Ossuary)
  7 rats
  3 rat simulacra (Ossuary)
  2 spectral goblins (Ossuary)
  5 spectral kobolds (Ossuary)
  4 spectral rats (Ossuary)
  2 creeping infernos (Hell)
  4 fire vortices
  A fulminant prism (D:7)
1724 creatures vanquished.

Vanquished Creatures (collateral kills)
  A juggernaut (Depths:3)
  A caustic shrike (Depths:3)
  Saint Roka (Orc:2)
  A golden dragon (Depths:3)
  Geryon (Hell)
  A Brimstone Fiend (Hell)
  Jorgrun (Orc:2)
  2 tentacled monstrosities
  A lich (Depths:3)
  A walking crystal tome (Depths:3)
  2 deep elf blademasters
  A titan (Depths:3)
  2 quicksilver dragons
  A walking divine tome (Depths:3)
  6 acid blobs
  3 deep elf master archers (Elf:3)
  4 searing wretches (Depths:4)
  2 storm dragons
  9 rockslimes
  A fire giant (Depths:3)
  The ghost of seaoflcl the Severer, a journeyman MiFi of Okawaru (Shoals:4)
  5 azure jellies
  4 frost giants
  An iron dragon (Depths:4)
  A draconian knight (Depths:4)
  A deep elf sorcerer (Elf:3)
  2 balrugs
  A draconian scorcher (Depths:4)
  A deep elf elementalist (Elf:3)
  An emperor scorpion (Spider:2)
  3 draconian stormcallers (Depths:4)
  2 very ugly things
  A quicksilver ooze (Slime:5)
  A reaper (Depths:4)
  3 vampire knights (Depths:3)
  3 stone giants
  A green draconian (Depths:4)
  2 deep elf demonologists (Elf:3)
  2 deep elf annihilators (Elf:3)
  A yellow draconian (Depths:4)
  A purple draconian (Depths:4)
  An iron golem (Depths:4)
  3 orange crystal statues
  A white draconian (Depths:4)
  4 spark wasps
  2 blizzard demons
  3 merfolk javelineers (Shoals:4)
  4 fire dragons
  A green death (Hell)
  2 deep elf death magi (Elf:3)
  3 merfolk impalers (Shoals:4)
  A great orb of eyes (Slime:5)
  3 deep elf high priests (Elf:3)
  2 merfolk aquamancers (Shoals:4)
  An anaconda (shapeshifter) (Depths:3)
  A radroach (Spider:4)
  2 spriggan air magi
  2 centaur warriors (Vaults:2)
  A boulder beetle (Spider:2)
  4 hell hogs
  A deep troll shaman (Depths:4)
  A deep troll earth mage (Depths:4)
  A satyr (Shoals:4)
  4 tengu warriors
  A vampire mage (Depths:2)
  7 dancing weapons
  2 soul eaters (Depths:4)
  An orc high priest (Elf:1)
  2 spriggan berserkers (Depths:3)
  10 deep elf knights
  A crystal echidna (Hell)
  2 sun demons
  A skyshark (Shoals:2)
  A pharaoh ant (Spider:3)
  A shadow wraith (Depths:4)
  A wretched star (Zig:5)
  3 iron trolls
  A skeletal warrior (Depths:4)
  2 glowing orange brains
  A quicksilver dragon simulacrum (Depths:4)
  9 deep trolls
  A harpy (Shoals:4)
  10 deep elf zephyrmancers
  A phantasmal warrior (Depths:3)
  9 deep elf pyromancers
  An orc knight (Orc:2)
  2 fauns (Shoals:4)
  An orc sorcerer (Orc:1)
  A wolf spider (Spider:1)
  A steelbarb worm (Spider:3)
  A manticore (Shoals:4)
  4 ugly things
  2 shining eyes
  3 merfolk sirens
  A rust devil (Depths:4)
  A vault sentinel (Vaults:1)
  4 moths of wrath
  An eye of devastation (Slime:1)
  2 demonic crawlers
  An ice statue (Depths:4)
  2 torpor snails
  3 smoke demons
  3 ice devils
  A tengu conjurer (Depths:4)
  2 ancient zymes
  A troll (Zig:2)
  4 hornets
  A merfolk (Shoals:4)
  A wind drake (Shoals:4)
  2 tarantellas (Spider:3)
  2 snapping turtles (Shoals:4)
  13 slime creatures
  4 spriggans
  A ynoxinul (Depths:2)
  3 neqoxecs
  4 golden eyes
  A redback (Spider:4)
  A warg (Orc:1)
  A large abomination (Zig:3)
  A floating eye (Depths:3)
  6 orc warriors
  2 ettin simulacra (Depths:4)
  2 ogres
  A starcursed mass (Zig:5)
  An orc wizard (Orc:2)
  3 orcs
287 creatures vanquished.

Vanquished Creatures (others)
  A deep elf high priest (Elf:3)
  A vault guard (D:14)
  A hell hog (Depths:4)
  A deep elf pyromancer (Elf:1)
  A rime drake (Zig:4)
  A spriggan (Depths:4)
  A nameless horror (Shoals:4)
  2 humans (D:14)
  An ettin simulacrum (Depths:4)
  3 fire vortices (Hell)
  121 fulminant prisms
  4 tentacles (Shoals:4)
138 creatures vanquished.

Grand Total: 2149 creatures vanquished

Notes
Turn   | Place    | Note
-------+----------+-------------------------------------------
     0 | D:1      | javelincjr the Djinni Conjurer began the quest for the Orb.
     0 | D:1      | javelincjr set off with the following spells memorised:
                  | Magic Dart, Searing Ray, Dazzling Flash, Fulminant Prism,
                  | Iskenderun's Mystic Blast.
     0 | D:1      | Reached XP level 1. HP: 15/15 MP: 0/0
   159 | D:1      | Reached XP level 2. HP: 19/21 MP: 0/0
   632 | D:1      | Reached XP level 3. HP: 21/26 MP: 0/0
   632 | D:1      | Learned a level 1 spell: Sting
   852 | D:2      | Reached skill level 1 in Fighting
   912 | D:2      | Reached XP level 4. HP: 29/32 MP: 0/0
  1423 | D:3      | Noticed Sigmund
  1431 | D:3      | HP: 1/33 [something (8)]
  1432 | D:3      | Killed Sigmund
  1433 | D:3      | Reached skill level 3 in Fighting
  1433 | D:3      | Reached XP level 5. HP: 2/40 MP: 0/0
  1433 | D:3      | Learned a level 2 spell: Wereblood
  1433 | D:3      | Reached XP level 6. HP: 2/46 MP: 0/0
  2268 | D:3      | Noticed Terence
  2273 | D:3      | Killed Terence
  2408 | D:4      | Reached XP level 7. HP: 48/51 MP: 0/0
  2408 | D:4      | Learned a level 3 spell: Ozocubu's Armour
  2436 | D:4      | Found a glowing silver altar of Zin.
  2437 | D:4      | Found a blossoming altar of Fedhas.
  2437 | D:4      | Found a glowing golden altar of the Shining One.
  2439 | D:4      | Found a stormy altar of Qazlal.
  2440 | D:4      | Found a sparkling altar of Nemelex Xobeh.
  2462 | D:4      | Reached skill level 4 in Fighting
  2465 | D:4      | Became a worshipper of Qazlal Stormbringer
  2475 | D:4      | Found Weamef's Antique Armour Emporium.
  2489 | D:4      | Found a sand-covered staircase.
  2500 | Ossuary  | Entered an ossuary
  2644 | Ossuary  | Reached * piety under Qazlal
  3207 | Ossuary  | Reached ** piety under Qazlal
  3433 | D:4      | Identified the +1 mace "Painiaj" {flame, rF+ Str-3 Stlth+}
  3553 | D:4      | Reached skill level 5 in Spellcasting
  3659 | D:4      | Found the +3 hat of Pondering {ponderous, Will+ MP+10
                  | Int+5}
  3961 | D:4      | Found a runed translucent gate.
  3961 | D:4      | Found a runed translucent gate.
  3961 | D:4      | Found a runed translucent gate.
  3961 | D:4      | Noticed monsoonserge's ghost (novice DjVM)
  3961 | D:4      | Noticed suzumiya's ghost (amateur TrGl)
  3961 | D:4      | Noticed Fractals's ghost (amateur KoWn)
  4075 | D:5      | Entered Level 5 of the Dungeon
  4128 | D:5      | Identified the +1 robe "Fygonexu" {rF+ Regen+ Stlth+}
  4210 | D:5      | Reached XP level 8. HP: 55/58 MP: 0/0
  4306 | D:5      | Reached skill level 5 in Fighting
  4522 | D:5      | Gained mutation: You are strong-willed. (Will+) [potion of
                  | mutation]
  4522 | D:5      | Lost mutation: You are strong-willed. (Will+) [potion of
                  | mutation]
  4523 | D:5      | Gained mutation: You occasionally lose the ability to read
                  | scrolls when taking damage. [potion of mutation]
  4523 | D:5      | Gained mutation: You have supernaturally acute eyesight.
                  | (SInv) [potion of mutation]
  4618 | D:5      | Reached skill level 1 in Invocations
  4908 | D:6      | Reached skill level 5 in Dodging
  4939 | D:6      | Reached skill level 6 in Fighting
  4958 | D:6      | Reached XP level 9. HP: 66/66 MP: 0/0
  4958 | D:6      | Learned a level 4 spell: Petrify
  5012 | D:6      | Reached *** piety under Qazlal
  5136 | D:6      | Identified the +8 falchion of Xeqeb {elec, +Blink rN+ rCorr
                  | Int+3}
  5183 | D:6      | Found a staircase to the Ecumenical Temple.
  5535 | D:7      | Reached skill level 1 in Long Blades
  5600 | D:7      | Found Celuid's General Store.
  5648 | D:7      | Found a flagged portal.
  5654 | D:7      | Reached skill level 7 in Fighting
  5674 | Bailey   | Entered a bailey
  5805 | Bailey   | Noticed an orc knight
  5826 | Bailey   | Killed an orc knight
  5827 | Bailey   | Reached XP level 10. HP: 52/76 MP: 0/0
  5871 | Bailey   | Found a large runed translucent door.
  5871 | Bailey   | Found a large runed translucent door.
  5872 | Bailey   | Noticed a deep elf zephyrmancer
  5911 | Bailey   | Killed a deep elf zephyrmancer
  5912 | Bailey   | Reached skill level 8 in Fighting
  5917 | Bailey   | Identified the +1 robe of the King of the Hill {Str+7}
  6418 | D:8      | Found a staircase to the Lair.
  6499 | D:8      | Found Comiuxt's Jewellery Emporium.
  6812 | D:8      | Noticed Psyche
  6816 | D:8      | Killed Psyche
  6820 | D:8      | Reached skill level 1 in Armour
  6830 | D:8      | Reached **** piety under Qazlal
  7240 | D:9      | Reached XP level 11. HP: 61/82 MP: 0/0
  7240 | D:9      | Learned a level 5 spell: Agony
  7246 | D:9      | Noticed a two-headed ogre
  7261 | D:9      | Killed a two-headed ogre
  7262 | D:9      | Reached skill level 9 in Fighting
  7262 | D:9      | Reached skill level 5 in Invocations
  7680 | D:10     | Entered Level 10 of the Dungeon
  7699 | D:10     | Noticed a two-headed ogre
  7706 | D:10     | Killed a two-headed ogre
  7707 | D:10     | Reached skill level 1 in Evocations
  7713 | D:10     | Noticed Urug
  7722 | D:10     | Killed Urug
  7733 | D:10     | Noticed Maurice
  7758 | D:10     | Killed Maurice
  7833 | D:10     | Lost mutation: You have supernaturally acute eyesight.
                  | (SInv) [potion of mutation]
  7833 | D:10     | Lost mutation: You occasionally lose the ability to read
                  | scrolls when taking damage. [potion of mutation]
  7833 | D:10     | Gained mutation: You expend health (3 HP) to strengthen
                  | your wands. [potion of mutation]
  7833 | D:10     | Gained mutation: You have hidden genetic defects. [potion
                  | of mutation]
  7833 | D:10     | Gained mutation: You are very vulnerable to cold. (rC--)
                  | [potion of mutation]
  7833 | D:10     | Gained mutation: Your flesh is almost immune to the effects
                  | of heat. (rF+++) [potion of mutation]
  7834 | D:10     | Lost mutation: You expend health (3 HP) to strengthen your
                  | wands. [potion of mutation]
  7834 | D:10     | Lost mutation: You are very vulnerable to cold. (rC--)
                  | [potion of mutation]
  7834 | D:10     | Lost mutation: Your flesh is almost immune to the effects
                  | of heat. (rF+++) [potion of mutation]
  7834 | D:10     | Gained mutation: You are partially covered in iridescent
                  | scales. (AC +2) [potion of mutation]
  7834 | D:10     | Gained mutation: Your mind is acute. (Int +4, Str/Dex -1)
                  | [potion of mutation]
  8386 | D:10     | Found a staircase to the Orcish Mines.
  8542 | D:11     | Reached ***** piety under Qazlal
  8846 | D:11     | Noticed a two-headed ogre
  8848 | D:11     | Noticed a cyclops
  8858 | D:11     | Killed a cyclops
  8858 | D:11     | Killed a two-headed ogre
  8859 | D:11     | Reached skill level 10 in Fighting
  8859 | D:11     | Reached XP level 12. HP: 89/91 MP: 0/0
  8862 | D:11     | Gained mutation: You occasionally lose the ability to read
                  | scrolls when taking damage. [hidden defects]
  9389 | D:12     | Noticed Erolcha
  9398 | D:11     | Killed Erolcha
  9456 | D:12     | Noticed a boulder beetle
  9476 | D:12     | Noticed a boulder beetle
  9489 | D:12     | Killed a boulder beetle
  9553 | D:12     | Killed a boulder beetle
  9555 | D:12     | Gained mutation: Your body sometimes deteriorates upon
                  | taking damage. [hidden defects]
  9555 | D:12     | Lost mutation: You have hidden genetic defects. [hidden
                  | defects expressed]
  9675 | D:12     | Reached skill level 5 in Long Blades
 10322 | D:12     | You are sucked into a shaft and drop 1 floor!
 10395 | D:13     | Noticed a centaur warrior
 10400 | D:13     | Noticed a skeletal warrior
 10401 | D:13     | Noticed a skeletal warrior
 10402 | D:13     | Killed a centaur warrior
 10402 | D:13     | Noticed a skeletal warrior
 10406 | D:13     | Noticed a skeletal warrior
 10416 | D:13     | Killed a skeletal warrior
 10416 | D:13     | Killed a skeletal warrior
 10418 | D:13     | Killed a skeletal warrior
 10419 | D:13     | Reached XP level 13. HP: 42/98 MP: 0/0
 10419 | D:13     | Learned a level 5 spell: Fireball
 10424 | D:13     | Reached skill level 11 in Fighting
 10424 | D:13     | Reached skill level 5 in Armour
 10851 | D:13     | Noticed a centaur warrior
 10856 | D:13     | Killed a centaur warrior
 11106 | D:13     | Noticed a centaur warrior
 11118 | D:13     | Killed a centaur warrior
 11301 | D:14     | Noticed a centaur warrior
 11314 | D:14     | Noticed a centaur warrior
 11321 | D:14     | Killed a vault guard
 11324 | D:14     | Killed a centaur warrior
 11329 | D:14     | Killed a centaur warrior
 11446 | Lair:1   | Entered Level 1 of the Lair of Beasts
 11609 | Lair:1   | Found a transporter.
 11621 | Lair:1   | Lost mutation: You are partially covered in iridescent
                  | scales. (AC +2) [potion of mutation]
 11621 | Lair:1   | Lost mutation: Your mind is acute. (Int +4, Str/Dex -1)
                  | [potion of mutation]
 11621 | Lair:1   | Lost mutation: You occasionally lose the ability to read
                  | scrolls when taking damage. [potion of mutation]
 11621 | Lair:1   | Gained mutation: You are somewhat resistant to further
                  | mutation. [potion of mutation]
 11621 | Lair:1   | Gained mutation: You are strong-willed. (Will+) [potion of
                  | mutation]
 11635 | Lair:1   | Reached skill level 5 in Evocations
 12024 | Lair:1   | Found a transporter.
 12210 | Lair:1   | Noticed Wiggles's ghost (journeyman MiBe)
 12359 | Lair:1   | Found a one-way gate to the infinite horrors of the Abyss.
 12404 | Lair:1   | Killed Wiggles's ghost
 12588 | Lair:2   | Reached skill level 10 in Spellcasting
 12588 | Lair:2   | Reached XP level 14. HP: 42/106 MP: 0/0
 12664 | Lair:2   | Found a hole to the Spider Nest.
 12696 | Lair:2   | Reached skill level 12 in Fighting
 12766 | Lair:2   | You are sucked into a shaft and drop 2 floors!
 12853 | Lair:4   | Reached ****** piety under Qazlal
 12939 | Lair:4   | Reached skill level 10 in Dodging
 13190 | Lair:4   | Identified the +0 tower shield of Calculation {Dex+5}
 13204 | Lair:4   | Identified the +1 robe of the Vaults {Contam Regen+ Str+2
                  | Int+8}
 13739 | Lair:5   | Entered Level 5 of the Lair of Beasts
 13759 | Lair:5   | Reached skill level 1 in Shields
 13977 | Lair:5   | Found a staircase to the Slime Pits.
 13978 | Lair:5   | Found a viscous altar of Jiyva.
 14013 | Lair:5   | Identified a scroll of acquirement
 14019 | Lair:5   | Acquired the +3 warlock's mirror {omnireflect}
 14019 | Lair:5   | Found the +3 warlock's mirror {omnireflect}
 14041 | Lair:5   | Noticed Rupert
 14051 | Lair:5   | Killed Rupert
 14129 | Lair:5   | Reached XP level 15. HP: 79/113 MP: 0/0
 14129 | Lair:5   | Learned a level 6 spell: Eringya's Noxious Bog
 14297 | Lair:5   | Reached skill level 13 in Fighting
 14339 | Lair:5   | Lost mutation: You are somewhat resistant to further
                  | mutation. [potion of mutation]
 14339 | Lair:5   | Lost mutation: You are strong-willed. (Will+) [potion of
                  | mutation]
 14339 | Lair:5   | Gained mutation: You are weak. (Str -2) [potion of
                  | mutation]
 14339 | Lair:5   | Gained mutation: You are frail. (-10% HP) [potion of
                  | mutation]
 14339 | Lair:5   | Lost mutation: You are weak. (Str -2) [potion of mutation]
 14339 | Lair:5   | Gained mutation: You are resistant to electric shocks.
                  | (rElec) [potion of mutation]
 15065 | Lair:3   | Identified the +0 robe of the Untouchables {rC- Str+4 Int+2
                  | Stlth+}
 15787 | Lair:2   | Noticed Fannar
 15792 | Lair:2   | Killed Fannar
 16168 | Lair:2   | Found a staircase to the Shoals.
 16627 | Shoals:1 | Entered Level 1 of the Shoals
 17399 | Shoals:1 | Found Cusoshoo's Antique Armour Boutique.
 17738 | Shoals:1 | Bought a masterwork ring mail for 279 gold pieces
 17738 | Shoals:1 | Identified the +0 ring mail "Forget-Me-Not" {rN+} (You
                  | bought it in a shop on level 1 of the Shoals)
 17783 | Shoals:2 | Reached XP level 16. HP: 98/109 MP: 0/0
 17833 | Shoals:2 | Noticed Ilsuiw
 17845 | Shoals:2 | Killed Ilsuiw
 18611 | Shoals:3 | Reached skill level 14 in Fighting
 18925 | Shoals:3 | Reached skill level 5 in Shields
 19011 | Shoals:3 | Found Yrurhyg's Distillery.
 19308 | Shoals:3 | Bought a potion of heal wounds for 90 gold pieces
 19308 | Shoals:3 | Bought a potion of heal wounds for 90 gold pieces
 19308 | Shoals:3 | Bought a potion of resistance for 180 gold pieces
 19893 | Shoals:4 | Entered Level 4 of the Shoals
 19910 | Shoals:4 | Reached XP level 17. HP: 89/117 MP: 0/0
 19910 | Shoals:4 | Learned a level 7 spell: Haunt
 20011 | Shoals:4 | Found a runed translucent gate.
 20011 | Shoals:4 | Found a runed translucent gate.
 20011 | Shoals:4 | Found a runed translucent gate.
 20013 | Shoals:4 | Noticed Bediveer's ghost (adept DECj)
 20014 | Shoals:4 | Noticed GimliDwarf's ghost (adept GnWn)
 20014 | Shoals:4 | Noticed seaoflcl's ghost (journeyman MiFi)
 20484 | Shoals:4 | Killed GimliDwarf's ghost
 20484 | Shoals:4 | Killed Bediveer's ghost
 20485 | Shoals:4 | Reached skill level 10 in Invocations
 20568 | Shoals:4 | Killed seaoflcl's ghost
 20693 | Shoals:4 | Got a barnacled rune of Zot
 21037 | Shoals:4 | Found a gateway to a bazaar.
 21057 | Bazaar   | Entered a bazaar
 21061 | Bazaar   | Found Baurch's General Store.
 21067 | Bazaar   | Bought a potion of mutation for 56 gold pieces
 21067 | Bazaar   | Lost mutation: You are frail. (-10% HP) [potion of
                  | mutation]
 21067 | Bazaar   | Lost mutation: Your body sometimes deteriorates upon taking
                  | damage. [potion of mutation]
 21067 | Bazaar   | Lost mutation: You are resistant to electric shocks.
                  | (rElec) [potion of mutation]
 21067 | Bazaar   | Gained mutation: You possess an exceptional clarity of
                  | mind. [potion of mutation]
 21067 | Bazaar   | Gained mutation: Your natural rate of healing is unusually
                  | fast. [potion of mutation]
 21067 | Bazaar   | Gained mutation: You have hidden genetic potential. [potion
                  | of mutation]
 21067 | Bazaar   | Gained mutation: You are strong-willed. (Will+) [potion of
                  | mutation]
 21080 | Bazaar   | Found Noemyecs's Antique Armour Shoppe.
 21100 | Bazaar   | Found Ograti Luadgh's Distillery.
 21105 | Bazaar   | Bought 2 potions of heal wounds for 130 gold pieces
 21121 | Bazaar   | Found Fynleruv's Magic Scroll Emporium.
 21206 | Shoals:4 | Reached skill level 15 in Fighting
 21819 | Spider:1 | Entered Level 1 of the Spider Nest
 22844 | Spider:1 | Reached XP level 18. HP: 115/138 MP: 0/0
 24291 | Spider:3 | Gained mutation: You heal very quickly. [hidden potential]
 24718 | Spider:4 | Entered Level 4 of the Spider Nest
 24812 | Spider:4 | Reached skill level 10 in Armour
 24966 | Spider:4 | Reached skill level 16 in Fighting
 25091 | Spider:4 | Reached XP level 19. HP: 72/145 MP: 0/0
 25091 | Spider:4 | Learned a level 6 spell: Statue Form
 25555 | Spider:4 | Reached skill level 10 in Long Blades
 25749 | Spider:4 | Reached skill level 10 in Evocations
 25752 | Spider:4 | Gained mutation: You passively map a small area around you.
                  | [hidden potential]
 25752 | Spider:4 | Lost mutation: You have hidden genetic potential. [hidden
                  | potential expressed]
 25776 | Spider:4 | Identified the orb "Kurigi" {light, rPois Int+2}
 25792 | Spider:4 | Got a gossamer rune of Zot
 26124 | Orc:1    | Entered Level 1 of the Orcish Mines
 26578 | Orc:2    | Entered Level 2 of the Orcish Mines
 26582 | Orc:2    | Noticed Jorgrun
 26592 | Orc:2    | Killed Jorgrun
 26644 | Orc:2    | Found Yrghaner's Jewellery Shoppe.
 26653 | Orc:2    | Bought an amulet of regeneration for 510 gold pieces
 26721 | Orc:2    | Found Zim Wuuq's Armour Shoppe.
 26801 | Orc:2    | Found Dileps's Antique Weapon Boutique.
 26835 | Orc:2    | Bought a polished morningstar for 324 gold pieces
 26835 | Orc:2    | Identified the +8 morningstar of Husoxe {venom, Contam rF+
                  | MP+9 Int+4} (You bought it in a shop on level 2 of the
                  | Orcish Mines)
 26838 | Orc:2    | Found Taublue's Antique Weapon Shoppe.
 26949 | Orc:2    | Noticed Saint Roka
 26997 | Orc:2    | Killed Saint Roka
 27042 | Orc:2    | Found Meprou Efune's Antique Armour Emporium.
 27044 | Orc:2    | Found Ymides's Antique Weapon Shoppe.
 27164 | Orc:2    | Found Fejitha's Distillery.
 27179 | Orc:2    | Bought a potion of heal wounds for 70 gold pieces
 27179 | Orc:2    | Bought a potion of heal wounds for 70 gold pieces
 27179 | Orc:2    | Bought a potion of might for 56 gold pieces
 27179 | Orc:2    | Bought a potion of haste for 140 gold pieces
 27179 | Orc:2    | Bought 2 potions of haste for 280 gold pieces
 27199 | Orc:2    | Found a staircase to the Elven Halls.
 27348 | Orc:2    | Found Sib Sin's Magic Scroll Shoppe.
 27353 | Orc:2    | Bought a scroll of blinking for 97 gold pieces
 27665 | Elf:1    | Entered Level 1 of the Elven Halls
 28140 | Elf:1    | Reached XP level 20. HP: 151/154 MP: 0/0
 28156 | Elf:1    | Noticed Frances
 28165 | Elf:1    | Killed Frances
 28500 | Elf:1    | Reached skill level 17 in Fighting
 29139 | Elf:2    | Found Nyaggosmio's Distillery.
 29296 | Elf:2    | Found a runed translucent gate.
 29297 | Elf:2    | Found a runed translucent gate.
 29297 | Elf:2    | Found a runed translucent gate.
 29736 | Elf:3    | Entered Level 3 of the Elven Halls
 29827 | Elf:3    | Found Iliep's Book Shoppe.
 30399 | Elf:3    | Reached XP level 21. HP: 161/161 MP: 0/0
 30399 | Elf:3    | Learned a level 8 spell: Maxwell's Capacitive Coupling
 30552 | Elf:3    | Identified the ring "Ebotoazy" {rC+ rCorr SInv}
 30562 | Elf:3    | Identified the ring "Qymerr" {Wiz rF+ Dex+3}
 30665 | Elf:3    | Identified the +2 long sword of the Feather {flame, Int+3}
 30669 | Elf:3    | Identified the +1 battleaxe of Yeast {holy, Will+}
 30670 | Elf:3    | Identified the +0 robe of Dishonesty {*Corrode rC- Dex+8
                  | Archmagi}
 30674 | Elf:3    | Identified the staff of air "Domnod" {Fragile rElec rF+
                  | Str+4}
 30679 | Elf:3    | Identified the staff of earth "Ytafev" {*Slow rF+ rCorr}
 30682 | Elf:3    | Identified the +2 hand axe of Embarrassment {flame, *Noise
                  | rElec rN++ Str+2}
 30686 | Elf:3    | Identified the +6 halberd of Chance {freeze, rC+ MP+9
                  | Stlth+}
 30693 | Elf:3    | Identified the +1 scimitar of Conscience {antimagic, rElec
                  | Dex+3}
 31215 | Slime:1  | Entered Level 1 of the Pits of Slime
 31455 | Slime:1  | Gained mutation: You occasionally shout uncontrollably at
                  | your foes. [a shining eye]
 31726 | Slime:2  | Reached skill level 18 in Fighting
 32202 | Slime:4  | Gained mutation: Armour fits poorly on your strangely
                  | shaped body. [a shining eye]
 32209 | Slime:4  | Gained mutation: Your body sometimes deteriorates upon
                  | taking damage. [a shining eye]
 32212 | Slime:4  | Lost mutation: Armour fits poorly on your strangely shaped
                  | body. [a shining eye]
 32250 | Slime:4  | Reached skill level 10 in Shields
 32303 | Slime:4  | Lost mutation: You possess an exceptional clarity of mind.
                  | [a shining eye]
 32371 | Slime:4  | Gained mutation: You occasionally lose the ability to read
                  | scrolls when taking damage. [a shining eye]
 32375 | Slime:4  | Gained mutation: You are occasionally teleported next to
                  | monsters. [a shining eye]
 32858 | Slime:5  | Entered Level 5 of the Pits of Slime
 32880 | Slime:5  | Noticed the Royal Jelly
 33009 | Slime:5  | Killed the Royal Jelly
 33010 | Slime:5  | Reached XP level 22. HP: 170/170 MP: 0/0
 33063 | Slime:5  | Gained mutation: Your body often deteriorates upon taking
                  | damage. [a shining eye]
 33246 | Slime:5  | Identified the +8 short sword of Vinon {drain, Contam rElec
                  | rC+++ rCorr}
 33247 | Slime:5  | Identified the +4 morningstar "Wuyd" {flame, rCorr}
 33255 | Slime:5  | Found the +10 tower shield of Ignorance {rN+ Int-4}
 33264 | Slime:5  | Identified the +1 whip of the Blind Eye {elec, rN+ Dex+2}
 33324 | Slime:5  | Identified the ring of Iprih {Will+ Str+5 Dex-3}
 33329 | Slime:5  | Identified the +8 halberd of Conscience {drain, rC- Int+5
                  | Dex+3}
 33332 | Slime:5  | Got a slimy rune of Zot
 33337 | Slime:5  | Identified the staff of earth "Jisaqula" {Fragile Str+3
                  | Dex+5 SInv}
 33366 | Slime:5  | Identified the +0 cloak of Vokeusko {rElec Will++ Str+4
                  | Int-5}
 33367 | Slime:5  | Identified the +8 hand axe of Magnificence {flame, Dex+5
                  | Stlth+}
 33368 | Slime:5  | Identified the staff of air "Azotep" {+Blink rElec Str+6
                  | Dex-2}
 33412 | Slime:5  | Identified the staff of fire "Fuvvafec" {rF+ Str+2 Int+2}
 33973 | D:14     | Noticed Louise
 33982 | D:14     | Killed Louise
 34041 | D:14     | Identified the +6 great mace of Might {heavy, *Noise Str+3}
 34147 | D:14     | Found a gate to the Vaults.
 34478 | D:14     | Found a runed translucent gate.
 34478 | D:14     | Found a runed translucent gate.
 34478 | D:14     | Found a runed translucent gate.
 34478 | D:14     | Noticed Cofimnas's ghost (journeyman FoFi)
 34480 | D:14     | Found a basalt altar of Yredelemnul.
 34508 | D:14     | Killed Cofimnas's ghost
 34733 | D:15     | Entered Level 15 of the Dungeon
 34783 | D:15     | Reached skill level 15 in Spellcasting
 35099 | D:15     | Found a broken altar of Ashenzari.
 35367 | D:15     | Found a staircase to the Depths.
 35633 | Vaults:1 | Entered Level 1 of the Vaults
 35683 | Vaults:1 | Identified the +8 chain mail of the Solstice {Int+3}
 35753 | Vaults:1 | Reached skill level 15 in Dodging
 36448 | Vaults:1 | Found a runed translucent gate.
 36449 | Vaults:1 | Noticed SirLogeyBear's ghost (adept HOBe)
 36450 | Vaults:1 | Found a runed translucent gate.
 36450 | Vaults:1 | Found a runed translucent gate.
 36469 | Vaults:1 | Killed SirLogeyBear's ghost
 36763 | Vaults:2 | Reached skill level 19 in Fighting
 36897 | Vaults:2 | Reached XP level 23. HP: 178/178 MP: 0/0
 36897 | Vaults:2 | Learned a level 7 spell: Monstrous Menagerie
 37149 | Vaults:2 | Found Qirpheihe's Armour Boutique.
 37833 | Depths:1 | Entered Level 1 of the Depths
 37847 | Depths:1 | Noticed Aizul
 37954 | Depths:1 | Killed Aizul
 38028 | Depths:1 | Found a gateway to Hell.
 38094 | Depths:1 | Found a magical portal.
 38103 | WizLab   | Entered Wucad Mu's Monastery
 38240 | WizLab   | Found the crystal ball of Wucad Mu {*channel}
 38315 | WizLab   | Reached XP level 24. HP: 186/186 MP: 0/0
 38751 | Depths:1 | Found an ornate altar of the Wu Jian Council.
 39127 | Depths:2 | Reached skill level 20 in Fighting
 39207 | Depths:2 | Noticed a caustic shrike
 39213 | Depths:2 | Identified the +2 double sword of the Seer {freeze, rC+}
 39218 | Depths:2 | Killed a caustic shrike
 39259 | Depths:2 | Noticed a golden dragon
 39265 | Depths:2 | Killed a golden dragon
 39322 | Depths:2 | Found an ornate altar of the Wu Jian Council.
 39326 | Depths:2 | Identified the staff of air "Qidon" {Fragile rElec rF++
                  | Int+5}
 39375 | Depths:2 | Reached XP level 25. HP: 194/194 MP: 0/0
 39375 | Depths:2 | Learned a level 8 spell: Infestation
 39602 | Depths:2 | Found a one-way gate leading to the halls of Pandemonium.
 39846 | Depths:3 | Noticed a caustic shrike
 39852 | Depths:3 | Killed a caustic shrike
 39868 | Depths:3 | Noticed a juggernaut
 39877 | Depths:3 | Reached skill level 21 in Fighting
 39878 | Depths:3 | Paralysed by a floating eye for 4 turns
 39879 | Depths:3 | Killed a juggernaut
 39927 | Depths:3 | Lost mutation: You occasionally lose the ability to read
                  | scrolls when taking damage. [potion of mutation]
 39927 | Depths:3 | Lost mutation: You are occasionally teleported next to
                  | monsters. [potion of mutation]
 39927 | Depths:3 | Gained mutation: Your spells are a little easier to cast,
                  | but a little less powerful. [potion of mutation]
 39927 | Depths:3 | Gained mutation: You have sharp fingernails. [potion of
                  | mutation]
 39927 | Depths:3 | Gained mutation: You have a pair of small horns on your
                  | head. [potion of mutation]
 39947 | Depths:3 | Found Lyneuc's Armour Shoppe.
 39999 | Depths:3 | You are sucked into a shaft and drop 1 floor!
 39999 | Depths:4 | Entered Level 4 of the Depths
 40079 | Depths:4 | Found an ornate altar of the Wu Jian Council.
 40088 | Depths:4 | Noticed a juggernaut
 40092 | Depths:4 | Killed a juggernaut
 40366 | Depths:4 | Reached skill level 22 in Fighting
 40416 | Depths:4 | Found a gate to the Realm of Zot.
 40444 | Depths:4 | Found a hide-covered altar of Uskayaw.
 40503 | Depths:4 | Reached XP level 26. HP: 197/205 MP: 0/0
 40675 | Depths:4 | Reached skill level 15 in Armour
 40744 | Depths:4 | Identified the +1 robe "Vij Ving" {Dex+4 Slay-6 Archmagi}
 40803 | Depths:4 | Found a stormy altar of Qazlal.
 41104 | Depths:4 | Found a one-way gateway to a ziggurat.
 41133 | Zig:1    | Entered Level 1 of a ziggurat
 41154 | Zig:2    | Entered Level 2 of a ziggurat
 41188 | Zig:3    | Entered Level 3 of a ziggurat
 41215 | Zig:4    | Entered Level 4 of a ziggurat
 41245 | Zig:4    | Identified the staff of death "Ripeypt" {rPois rN+ Str-4
                  | Dex-3 Stlth+}
 41250 | Zig:5    | Entered Level 5 of a ziggurat
 41308 | Zig:5    | Identified the +3 leather armour of the Shoals {rF++}
 41311 | Zig:5    | Identified the ring of the Scarab {Fire rPois Will- Str+4}
 41315 | Zig:5    | Identified the +5 hand axe of Fixation {heavy, Int+3}
 41320 | Zig:5    | Identified the +0 ring mail of Clean Freedom {Int+5}
 41328 | Zig:6    | Entered Level 6 of a ziggurat
 41333 | Zig:6    | Noticed Xecela the pandemonium lord
 41344 | Zig:6    | Found the sphere of Battle
 41467 | Zot:1    | Entered Level 1 of the Realm of Zot
 41467 | Zot:1    | Found a runed translucent door.
 41470 | Zot:1    | Noticed safid's ghost (veteran MfIE)
 41575 | Hell     | Entered the Vestibule of Hell
 41577 | Hell     | Noticed Geryon
 41585 | Hell     | Killed Geryon
 41718 | Hell     | Reached skill level 23 in Fighting
 41960 | Hell     | Found a gateway to the Iron City of Dis.
 42099 | Hell     | Found a gateway to the freezing wastes of Cocytus.
 42185 | Hell     | Found a gateway to the ashen valley of Gehenna.
 42236 | Hell     | Found a gateway to the decaying netherworld of Tartarus.
 42287 | Geh:1    | Entered Level 1 of Gehenna
 42546 | Geh:2    | Noticed a dread lich
 42634 | Geh:2    | Killed a dread lich
 43197 | Geh:3    | Reached XP level 27. HP: 152/155 MP: 0/0
 43197 | Geh:3    | Learned a level 9 spell: Chain Lightning
 43247 | Geh:3    | Killed from afar by a hellion

Illustrated notes

Levels and vault maps discovered:
D:1:      dpeg_arrival_arbitrary_b, layout_loops_ring, minmay_3d_cube
D:2:      layout_rooms, item_on_display_a
D:3:      minmay_evil_eye, layout_basic, moated_statue, nicolae_grassy_gnolls,
          uniq_sigmund, uniq_terence
D:4:      layout_cave_pools, grunt_temple_overflow_open,
          gammafunk_ghost_cemetery, nicolae_ossuary_entry_ruins, serial_shops,
          nicolae_lakefront_shop, minmay_starry_boxes
D:5:      layout_loops_ring
D:6:      layout_rooms, minmay_temple_entry_statues_pillars,
          hangedman_decor_push
D:7:      layout_loops_cross, enter_bailey_2, serial_shops, shop
D:8:      layout_basic, lair_entry_dummy, serial_curves, eino_curves_02,
          eino_curves_01, serial_shops, nicolae_shop_just_a_little_nook,
          roderic_batcave, minmay_ruffians, uniq_psyche
D:9:      layout_rooms, serial_bayou_lagoon_a, minmay_misc_feat_rows,
          amethyst_killhole, nrook_mini_vaults, nicolae_figureground_pulse
D:10:     layout_loops_ring, david_orc_5, uniq_maurice, uniq_urug
D:11:     layout_loops_ring
D:12:     cheibrodos_statue_roulette, layout_cave_pools,
          serial_co_window_serial, co_window_paths_b,
          co_window_of_opportunity_a, co_window_corner_a, co_window_paths_a,
          co_window_of_opportunity_a, co_window_paths_a,
          co_window_of_opportunity_a, co_window_corner_b, co_window_broadway_c,
          co_window_unsneaky_path_d, co_window_sun, glass_columns_c,
          glass_columns_c, glass_columns_a, nicolae_kikubaaqudgha_miasma_corner,
          uniq_erolcha
D:13:     nicolae_cairo_tiling_very_big, layout_irregular_city,
          grunt_ministairs_15
D:14:     layout_irregular_city, ximxim_vaults_locker_room,
          small_statue_alley_a, nicolae_yredelemnul_ghost_church, uniq_louise
D:15:     hangedman_depths_entry_try_elsewhere_first, layout_loops_corners,
          ashenzari_altar_1, drop_trap
Lair:1:   layout_chaotic_city, gammafunk_ghost_abyssal_escape
Lair:2:   lemuel_slime, layout_cave_pods, minmay_shoals_entry_hut,
          spider_nest_entry_rubble, chequers_serial_rivers_small_3,
          serial_bayou_shore_b, uniq_fannar
Lair:3:   layout_small_grid, serial_rivers, chequers_serial_rivers_small_a,
          chequers_serial_rivers_micro_a, chequers_serial_rivers_micro_d,
          chequers_serial_rivers_micro_d, grunt_megastairs_2,
          serial_bayou_shore_b
Lair:4:   layout_regular_city, chequers_serial_rivers_room_b
Lair:5:   hangedman_lair_tendril_chambers, layout_loops_ring,
          nicolae_slime_entry_slimehenge, kennysheep_basilisk_garden,
          infiniplex_staircase_pool_2, uniq_rupert
Shoals:1: layout_shoals, serial_shops, nicolae_shop_overgrown_old_shop
Shoals:2: layout_shoals, uniq_ilsuiw
Shoals:3: layout_shoals, serial_shops, nicolae_diamond_shop,
          hangedman_shoal_volcano
Shoals:4: shoals_end_grunt_ice, layout_shoals, serial_shops,
          bzr_entry_customers, gammafunk_ghost_cemetery
Spider:1: layout_spider_delve
Spider:2: nicolae_spider_obnoxious_hallway, hangedman_spider_tarantella_strand
Spider:3: layout_cave_pods
Spider:4: floodkiller_spider_rune_tomb, drop_trap
Slime:1:  layout_caves
Slime:2:  layout_caves, cheibrodos_slime_lost_civilization_6
Slime:3:  layout_caves
Slime:4:  layout_caves, nicolae_slime_crime_time
Slime:5
Orc:1:    layout_diamond_mine
Orc:2:    grunt_orc_community_town_hall, layout_caves,
          grunt_orc_community_big_house_2, grunt_orc_community_big_house_2,
          grunt_orc_community_house_3, grunt_orc_community_house_2,
          grunt_orc_community_house_2, grunt_orc_community_house_2,
          grunt_orc_community_house_1, serial_shops, nicolae_shop_tiny_glass,
          shop, shop, shop, nicolae_orc_sculptors_studio, uniq_jorgrun
Elf:1:    nicolae_elf_arrival_no_cutting_in_line, layout_geoelf_octagon,
          serial_aquarium, aquarium_bridge_square [aquarium_subvault_wall,
          aquarium_subvault_bridge, aquarium_subvault_bridge,
          aquarium_subvault_bridge], aquarium_window_2, aquarium_window_1,
          aquarium_window_fake, aquarium_view_4, hangedman_corner_corridor,
          uniq_frances
Elf:2:    nicolae_elf_blades_crystal_corner, layout_rooms, serial_shops, shop
Elf:3:    minmay_elf_hall_statues, layout_geoelf_diagonals, serial_shops, shop,
          fountainhead, grunt_ministairs_12
Vaults:1: ebering_ghost_rock_garden, v_rooms_6, hangedman_vaults_slice,
          nicolae_vaults_little_squares_4, nicolae_vaults_diagonal_hallway_8,
          vaults_mumra_minichess, nicolae_vaults_house_3,
          layout_vaults_quadrants
Vaults:2: v_misc_28, nicolae_vaults_oval_intersection,
          nicolae_vaults_shrinking_rooms_2, hangedman_vaults_maws,
          vaults_room_pools, nicolae_vaults_offset_grid_hallway_2,
          nicolae_vaults_little_ls, v_misc_18, vaults_dpeg_ring,
          nicolae_vaults_mini_display_case, v_misc_22, v_pattern_5,
          vaults_dpeg_spiral, nicolae_vaults_surprise_closet_hard,
          nicolae_vaults_double_plus_1, layout_vaults_ring, serial_shops, shop
Depths:1: layout_cave_pools, chequers_hall_statues_wall_a,
          pf_dread_powers_of_hell, mu_enter_wizlab_6, drop_trap,
          nzn_wu_jian_council_hall, uniq_aizul
Depths:2: minmay_the_grid_octo_tiled_squarecenter_mashed
          [minmay_the_grid_octo_horde, minmay_the_grid_octo_tetromino_candy,
          minmay_the_grid_octo_fan_narrow, minmay_the_grid_octo_empty,
          minmay_the_grid_square_5x5_megaprize_diamond,
          minmay_the_grid_square_5x5_n, minmay_the_grid_square_5x5_hourglass,
          minmay_the_grid_square_5x5_comb, minmay_the_grid_square_5x5_shrine1],
          layout_cave_pools, rand_demon_pan_entry_5, hell_entry,
          serial_bayou_shore_a
Depths:3: minmay_dotted_concentric_squares, layout_gridville,
          abyss_entry_crystal, serial_shops, nicolae_shop_tiny_real_fake_doors,
          nicolae_shop_statue_plus, nicolae_shop_advertising_works
          [nicolae_subvault_shop_adworks], shop, lightli_too_deep,
          hangedman_decor_lopped
Depths:4: grunt_profane_halls [grunt_profane_temple_geh,
          grunt_profane_temple_tar, grunt_profane_temple_dis,
          grunt_profane_temple_coc, grunt_zot_portal], hell_entry
Hell
Geh:1:    layout_gehenna_pools_triple
Geh:2:    layout_gehenna_pools_basic
Geh:3:    layout_gehenna_pools_basic, lemuel_hellion_isle
Zot:1:    layout_basic, hellmonk_ghost_big_iron, hangedman_zot_decor_scrapings,
          nicolae_shop_clearance

Skill      XL: |  1  2  3  4  5  6  7  8  9 10 11 12 13 14 15 16 17 18 19 20 21 22 23 24 25 26 |
---------------+-------------------------------------------------------------------------------+-----
Stealth        | 2 |  2.0
Fighting       | 1 3 4 6 7 8 10 11 12 13 14 15 16 17 18 19 20 22 23 | 23.4
Dodging        | 3 4 5 6 7 8 9 10 11 12 13 14 15 16 17 | 17.3
Spellcasting   | 4 5 6 7 8 9 10 11 12 13 14 15 16 17 | 17.5
Invocations    | 1 3 4 5 6 7 8 9 10 | 10.1
Long Blades    | 2 3 4 5 6 7 8 9 10 11 12 13 14 | 14.0
Armour         | 1 3 4 6 7 8 9 10 11 12 13 14 16 | 16.0
Evocations     | 2 4 5 6 7 8 9 10 11 12 | 12.0
Shields        | 2 4 5 6 7 8 9 10 11 12 13 | 13.4

Action                     |  1- 3 |  4- 6 |  7- 9 | 10-12 | 13-15 | 16-18 | 19-21 | 22-24 | 25-27 || total
---------------------------+-------+-------+-------+-------+-------+-------+-------+-------+-------++-------
  Melee: Spear             |     1 |       |       |       |       |       |       |       |       ||     1
         Dagger            |       |    24 |       |       |       |       |       |       |       ||    24
         Whip              |       |     9 |    82 |       |       |       |       |       |       ||    91
         Mace              |       |       |    13 |       |       |       |       |       |       ||    13
         Punch             |       |       |     1 |       |       |       |       |       |       ||     1
         Falchion          |       |       |    13 |    96 |   247 |   598 |   469 |   316 |   174 ||  1913
         Headbutt          |       |       |       |       |       |       |       |       |    42 ||    42
         Triple sword      |       |       |       |       |       |       |       |       |     2 ||     2
   Cast: Magic Dart        |    63 |    78 |   274 |   176 |   141 |   100 |   101 |    45 |    76 ||  1054
         Sting             |       |     2 |     4 |       |       |    10 |       |       |       ||    16
         Searing Ray       |       |     4 |     4 |     1 |     2 |       |     2 |       |       ||    13
         Fulminant Prism   |       |     1 |    14 |    51 |    33 |    20 |     3 |     1 |       ||   123
         Ozocubu's Armour  |       |       |     2 |     1 |     5 |    12 |    11 |     4 |     2 ||    37
         Wereblood         |       |       |     2 |       |       |    14 |     9 |       |       ||    25
         Iskenderun's Myst |       |       |    11 |    67 |   187 |   141 |   163 |   240 |   108 ||   917
         Petrify           |       |       |     1 |    15 |    24 |    22 |     3 |     1 |     1 ||    67
         Fireball          |       |       |       |       |    50 |    94 |   108 |    45 |    20 ||   317
         Agony             |       |       |       |       |     1 |       |     7 |     5 |     3 ||    16
         Eringya's Noxious |       |       |       |       |     1 |     5 |     2 |     3 |     1 ||    12
         Haunt             |       |       |       |       |       |    50 |   123 |    53 |   117 ||   343
         Statue Form       |       |       |       |       |       |       |     5 |       |     2 ||     7
         Maxwell's Capacit |       |       |       |       |       |       |    10 |    35 |    80 ||   125
         Monstrous Menager |       |       |       |       |       |       |       |    17 |    47 ||    64
         Infestation       |       |       |       |       |       |       |       |       |    17 ||    17
 Invoke: Elemental Force   |       |       |       |       |       |     1 |     4 |     5 |     3 ||    13
         Disaster Area     |       |       |       |       |       |       |       |     1 |       ||     1
Ability: Evoke Blink       |       |       |       |       |       |       |     1 |     1 |     5 ||     7
  Evoke: Lightning rod     |       |       |       |       |       |       |       |     4 |     4 ||     8
    Use: Scroll            |       |     5 |    12 |    12 |    12 |     2 |     4 |     2 |     6 ||    55
         Potion            |       |       |     2 |     2 |     2 |     1 |       |     4 |     9 ||    20
   Stab: Sleeping          |     1 |       |       |       |       |       |       |       |       ||     1
         Petrified         |       |       |       |    13 |    49 |    40 |     8 |       |       ||   110
         Petrifying        |       |       |       |     1 |     1 |     2 |       |       |       ||     4
         Distracted        |       |       |       |       |       |     2 |     2 |     4 |     4 ||    12
         Paralysed         |       |       |       |       |       |       |     2 |       |     3 ||     5
 Armour: Robe              |       |    12 |    41 |    38 |    52 |   224 |    79 |    91 |    64 ||   601
         Skin              |       |       |       |       |       |       |    28 |       |    36 ||    64
  Dodge: Dodged            |     2 |    34 |   115 |    99 |   148 |   426 |   190 |   254 |   202 ||  1470
         Repelled          |       |       |       |     2 |     4 |     5 |    13 |    13 |    12 ||    49
  Block: Other             |       |       |     8 |    46 |    38 |       |       |       |    12 ||   104
         Buckler           |       |       |       |       |   122 |   655 |   404 |   424 |   258 ||  1863
         Reflection        |       |       |       |       |    23 |    59 |    69 |    62 |    43 ||   256
